AoeStats
← mfouad134

Coastal Forest

510342733Analyzed
4v4 RM · 9h ago on Sep 30, 2026· 56m 21s· 8 players
Game mode
Random Map
Map size
Large (8 player)
Population
200
Speed
Normal
Resources
Standard
Victory
Conquest
Starting age
Dark Age
Ending age
Imperial Age
RankedLock teamsTeams togetherTeam positionsShared explorationLock speedFull tech treeHidden civsTurbo modeCheats
Victory
Defeat
🇨🇳 Teutons · China
759
+14
🇷🇺 Franks · Russia
720
+15
🇪🇬 Inca · Egypt
706
+16
🇫🇷 Goths · France
635
+19
🇹🇷 Bohemians · Türkiye
810
-21
🇬🇧 Huns · United Kingdom
724
-17
🇹🇼 Bohemians · Taiwan
641
-13
🇹🇼 Vietnamese · Taiwan
632
-13
mfouad134
13:35 Feudal Age
14:07 Horse Collar
14:17 Double-Bit Axe
14:26 Gold Mining
15:15 Wheelbarrow
14:28 Fishing Lines
20:37 Castle Age
20:39 Stone Mining
21:36 Bow Saw
21:27 Heavy Plow
24:13 Hand Cart
23:57 Gillnets
24:28 Forging
24:19 Scale Mail Armor
25:27 Gold Shaft Mining
25:20 Medium Warships
24:50 Champi Runner
25:33 Squires
25:21 Arson
29:54 Imperial Age
27:39 Fortified Wall
27:10 Treadmill Crane
27:47 Chain Mail Armor
28:08 Iron Casting
29:16 Caravan
29:06 Loom
30:20 Town Watch
31:08 Plate Mail Armor
31:38 Blast Furnace
31:25 Masonry
32:45 Heavy Warships
35:12 Champi Warrior
37:18 Elite Champi Warrior
38:22 Conscription
38:07 Fabric Shields
45:24 Pikeman
54:19 Spies/Treason
RESPECT
1:03 Loom
14:40 Feudal Age
15:31 Double-Bit Axe
19:25 Wheelbarrow
22:39 Scale Barding Armor
22:45 Forging
26:26 Castle Age
27:30 Chain Barding Armor
27:46 Iron Casting
26:35 Light Cavalry
27:17 Husbandry
27:57 Bow Saw
28:06 Hand Cart
27:46 Gold Mining
39:40 Imperial Age
37:01 Town Watch
38:34 Gold Shaft Mining
37:50 Stone Mining
39:41 Cavalier
41:01 Plate Barding Armor
41:26 Blast Furnace
42:26 Chemistry
41:48 Ballistics
42:11 Paladin
44:55 Conscription
44:37 Chivalry
SosoAllstar
9:54 Loom
11:46 Feudal Age
12:29 Double-Bit Axe
13:24 Horse Collar
16:18 Wheelbarrow
18:58 Castle Age
20:49 Bow Saw
26:28 Hand Cart
26:35 Anarchy
27:57 Heavy Plow
29:27 Caravan
32:36 Imperial Age
33:00 Forging
32:51 Scale Mail Armor
33:00 Squires
34:17 Iron Casting
35:35 Two-Man Saw
37:03 Blast Furnace
37:43 Chain Mail Armor
37:56 Conscription
38:49 Crop Rotation
38:18 Gold Mining
38:20 Stone Mining
39:33 Town Watch
40:47 Town Patrol
44:23 Elite Huskarl
45:09 Perfusion
扎哈真传弟子
11:05 Feudal Age
16:01 Town Watch
19:03 Castle Age
17:33 Stone Mining
18:31 Bloodlines
18:47 Horse Collar
19:12 Double-Bit Axe
22:26 Bow Saw
22:15 Gold Mining
24:43 Scale Mail Armor
26:58 Stone Shaft Mining
26:59 Scale Barding Armor
29:10 Wheelbarrow
30:47 Chain Barding Armor
35:23 Imperial Age
33:11 Hand Cart
32:57 Town Patrol
33:22 Forging
34:15 Squires
34:01 Arson
35:59 Cavalier
37:39 Conscription
39:41 Onager
40:25 Cavalier
41:41 Siege Onager
43:32 Elite Teutonic Knight
44:36 Ironclad
43:58 Paladin
46:52 Plate Barding Armor
46:53 Iron Casting
46:35 Chain Mail Armor
50:25 Blast Furnace
52:20 Spies/Treason
Test
OTSNK_ntujaychou
8:54 Loom
12:07 Feudal Age
13:38 Wheelbarrow
15:57 Castle Age
14:08 Double-Bit Axe
14:26 Gold Mining
15:41 Town Watch
16:26 Stone Mining
22:31 Horse Collar
23:32 Heavy Plow
25:17 Stone Shaft Mining
25:05 Fletching
25:44 Treadmill Crane
29:01 Ballistics
29:33 Hand Cart
29:23 Fishing Lines
31:50 Gillnets
32:08 Bodkin Arrow
33:12 Padded Archer Armor
36:23 Imperial Age
35:03 Masonry
35:47 Murder Holes
36:18 Leather Archer Armor
37:15 Bow Saw
37:08 Bracer
37:38 Ring Archer Armor
37:29 Chatras
39:21 Chemistry
39:45 Hoardings
41:16 Paper Money
41:24 Scale Barding Armor
41:30 Forging
43:10 Two-Man Saw
43:00 Elite Rattan Archer
46:33 Chain Barding Armor
47:06 Chatras
49:07 Crop Rotation
50:49 Elite Battle Elephant
51:30 Husbandry
51:41 Bloodlines
InTrUd3r2855
13:15 Feudal Age
18:43 Castle Age
22:24 Horse Collar
celalper.94
0:41 Loom
11:20 Feudal Age
18:13 Fishing Lines
21:15 Castle Age
22:02 Gillnets
22:58 Double-Bit Axe
31:03 Imperial Age
31:07 Bow Saw
32:27 Wheelbarrow
31:38 Town Watch
33:53 Caravan
34:25 Coinage
35:11 Two-Man Saw
34:24 Horse Collar
Connection lost

Rejoining the realm…

Still unreachable

The connection could not be restored.

Session expired

The server has moved on; the page needs a fresh start.